Kradschützen Motorcycle Team
Construct Light Support Kompanie
Panzerjäger Mechanized Group
Selects Panzerjäger Kommand Battlegroup
Selects Defensive Positions
Construct Mechanized Kompanie
254 Reconnaissance Tractor
Selects Butterfly Bomb Drop
Panzerjäger Mechanized Group
18-tonne Recovery Half-track
Selects Crew Shock Tactics
254 Reconnaissance Tractor
Construct Panzerarmee Kommand
Selects Elefant Tank Destroyer